Map: [ESL] Inside and Out

Players

HeroMarine

  • Race: Terran Terran
  • Spawn Location: 7:00

Maru - Winner!

  • Race: Terran Terran
  • Spawn Location: 1:00

Event: DreamHack SC2 Masters 2022 Valencia

VOD

https://youtu.be/Y226ZdXQgjI

Description

Time

  • Played on: July 2, 2022, 1:14 p.m.
  • Length: 7:48

All games in this series

Show
View Real Time Build Order
Export as new Build Order

HeroMarine Terran 

Build Orders:  

Get SALT Encoding   

  12  0:00  SCV  
  13  0:12  SCV  
  14  0:17  Supply Depot  
  14  0:24  SCV  
  15  0:38  SCV  
  15  0:41  Barracks  
  16  0:44  Refinery  
  16  0:50  SCV  
  16  0:55  Refinery  
  17  1:03  SCV  
  18  1:15  SCV  
  19  1:28  Orbital Command, Reaper  
  19  1:32  Supply Depot  
  20  1:42  Factory  
  20  1:53  SCV  
  21  2:00  Reaper  
  22  2:05  SCV  
  23  2:17  SCV  
  24  2:27  Hellion  
  24  2:29  SCV  
  24  2:32  Marine  
  23  2:42  SCV  
  23  2:43  Command Center  
  24  2:49  Hellion, Marine  
  27  2:54  SCV  
  28  3:00  Supply Depot  
  28  3:06  SCV  
  28  3:08  Barracks Reactor  
  28  3:10  Hellion  
  31  3:21  SCV  
  30  3:33  SCV  
  28  3:39  Factory Tech Lab  
  23  3:43  Starport  
  23  3:45  SCV  
  26  3:57  SCV  
  26  3:58  Cyclone  
  29  4:09  Orbital Command  
  29  4:10  SCV  
  29  4:19  Medivac  
  29  4:21  Marine x2  
  33  4:30  Orbital Command, Siege Tank  
  36  4:32  SCV  
  37  4:42  Marine x2  
  37  4:44  SCV  
  40  4:56  SCV, Starport Tech Lab  
  40  4:57  SCV  
  40  4:59  Marine  
  42  5:00  Marine  
  42  5:05  Siege Tank  
  47  5:08  SCV  
  47  5:09  SCV  
  48  5:16  Refinery  
  48  5:18  Supply Depot  
  48  5:20  SCV  
  49  5:21  SCV  
  47  5:30  Marine x2  
  47  5:32  SCV  
  47  5:33  SCV, Raven  
  49  5:44  SCV  
  49  5:45  SCV  
  47  5:54  Supply Depot, Siege Tank  
  47  5:56  SCV  
  51  5:58  SCV  
  50  6:04  Command Center  
  50  6:09  SCV  
  50  6:10  SCV  
  49  6:11  Marine  
  49  6:13  Marine  
  49  6:17  Raven  
  53  6:21  SCV  
  53  6:22  SCV  
  55  6:32  Cyclone  
  58  6:33  SCV  
  58  6:34  SCV  
  58  6:36  Supply Depot  
  60  6:40  Marine x2  
  60  6:41  Refinery  
  62  6:47  SCV x2  
  62  6:48  Barracks  
  62  6:51  Refinery  
  64  6:58  Marine x2  
  64  6:59  SCV x2  
  68  7:03  Raven  
  70  7:11  SCV x2  
  70  7:14  Siege Tank  
  72  7:18  Marine x2  
  70  7:23  SCV x2  
  69  7:35  SCV x2  
Show
View Real Time Build Order
Export as new Build Order

Maru Terran - Winner!

Build Orders:  

Get SALT Encoding   

  12  0:00  SCV  
  13  0:15  Supply Depot  
  13  0:17  SCV  
  14  0:38  Barracks  
  14  0:40  Refinery  
  14  0:54  Barracks  
  14  0:59  SCV  
  15  1:11  SCV  
  16  1:24  Reaper  
  16  1:25  Orbital Command  
  17  1:31  Refinery  
  17  1:41  Reaper  
  18  1:52  SCV  
  19  1:55  Supply Depot  
  19  1:57  Reaper  
  20  2:05  SCV  
  21  2:13  Reaper  
  21  2:18  SCV  
  22  2:29  Reaper  
  23  2:34  SCV  
  24  2:37  Factory  
  24  2:42  Supply Depot  
  24  2:46  SCV  
  25  2:58  SCV  
  26  3:10  SCV  
  27  3:22  Factory Tech Lab, SCV  
  27  3:24  Command Center  
  28  3:34  SCV  
  28  3:40  Cyclone  
  28  3:46  SCV  
  28  3:51  Starport  
  28  3:52  Mag-Field Accelerator  
  28  3:58  SCV  
  29  4:11  SCV  
  29  4:12  Cyclone  
  33  4:19  Refinery  
  33  4:23  SCV  
  34  4:27  Barracks Reactor  
  34  4:35  SCV  
  34  4:36  Medivac  
  37  4:42  Orbital Command  
  37  4:47  SCV  
  38  4:53  Cyclone  
  38  4:59  SCV, Command Center  
  42  5:10  SCV  
  42  5:11  SCV, Marine x2  
  42  5:12  Starport Tech Lab  
  46  5:16  Supply Depot  
  46  5:23  SCV  
  46  5:26  Siege Tank  
  50  5:31  SCV  
  51  5:35  SCV  
  51  5:37  Raven  
  49  5:43  SCV  
  49  5:47  SCV  
  48  5:50  Marine  
  48  5:55  SCV, Marine  
  51  5:59  SCV  
  51  6:04  Siege Tank  
  55  6:07  SCV  
  56  6:12  SCV  
  56  6:14  Refinery  
  56  6:16  Orbital Command  
  57  6:19  SCV  
  57  6:21  Marine x2  
  57  6:24  SCV, Raven  
  63  6:31  SCV  
  64  6:36  SCV  
  64  6:39  Siege Tank  
  68  6:42  Barracks  
  68  6:43  Barracks, SCV  
  68  6:44  Supply Depot  
  68  6:46  SCV  
  70  6:48  SCV  
  70  6:51  Orbital Command  
  71  6:54  Engineering Bay x2  
  71  6:55  SCV  
  71  7:00  Marine x2  
  75  7:01  SCV  
  75  7:11  Supply Depot  
  72  7:21  SCV x2  
  72  7:22  SCV  
  78  7:24  Supply Depot  
  78  7:33  SCV x2  
  78  7:40  Barracks Reactor  
  78  7:41  Barracks Reactor  

Tags
 
Add a new tag
Caveats
  • Supply blocks, unpowered buildings, or Contaminate may cause inaccurate times.
  • Supply counts are checked every 10 seconds.